 Seeded DCSS version 0.30.1-11-g7821555f0a (webtiles) character file.

Game seed: 12756009894327649987 (custom seed)

51 Psyclone the Conjurer (level 3, 30/30 HPs)
             Began as a Gnoll Conjurer on Nov 6, 2023.
             Was an Initiate of Gozag.
             Quit the game on level 1 of the Dungeon.
             The game lasted 00:01:08 (453 turns).

Psyclone the Conjurer (Gnoll Conjurer)               Turns: 453, Time: 00:01:09

Health: 30/30      AC:  2    Str:  6    XL:     3   Next: 83%
Magic:  10/10      EV: 13    Int: 19    God:    Gozag
Gold:   80         SH:  0    Dex: 10    Spells: 13/14 levels left

rFire   . .          .
                       - Unarmed
rCold   . . .        (no shield)
rNeg    . . .        a - +0 robe
rPois   .            (no helmet)
rElec   .            (no cloak)
rCorr   .            (no gloves)
SInv    .            (no boots)
Will    .....        (no amulet)
Stlth   +++          (no ring)
HPRegen 0.25/turn    (no ring)
MPRegen 0.12/turn

%: no passive effects
@: no status effects
A: fangs 1, strong nose, distributed training
a: Renounce Religion, Potion Petition, Call Merchant, Bribe Branch


You were on level 1 of the Dungeon.
You worshipped Gozag.
Gozag was noncommittal.
You visited 1 branch of the dungeon, and saw 2 of its levels.

You collected 80 gold pieces.

Inventory:

Armour
 a - a +0 robe (worn)
Jewellery
 c - a ring of flight
Scrolls
 e - a scroll of identify {unknown}
Potions
 b - a potion of magic
 d - a potion of might {unknown}


   Skills:
 + Level 3.8 Fighting
 + Level 3.8 Short Blades
 + Level 3.8 Long Blades
 + Level 3.8 Axes
 + Level 3.8 Maces & Flails
 + Level 3.8 Polearms
 + Level 3.8 Staves
 + Level 3.8 Ranged Weapons
 + Level 3.8 Throwing
 + Level 3.8 Armour
 + Level 6.0 Dodging
 + Level 5.7 Stealth
 + Level 3.8 Shields
 + Level 3.8 Unarmed Combat
 + Level 6.3 Spellcasting
 + Level 7.8 Conjurations
 + Level 3.1 Hexes
 + Level 3.1 Summonings
 + Level 3.1 Necromancy
 + Level 3.1 Translocations
 + Level 3.1 Transmutations
 + Level 3.1 Fire Magic
 + Level 3.1 Ice Magic
 + Level 3.1 Air Magic
 + Level 3.1 Earth Magic
 + Level 3.1 Poison Magic
 + Level 4.2 Invocations
 + Level 3.8 Evocations


You had 13 spell levels left.
You knew the following spells:

 Your Spells              Type           Power      Damage    Failure   Level
a - Magic Dart            Conj           100%       1d8       1%          1

Your spell library contained the following spells:

 Spells                   Type           Power      Damage    Failure   Level
 Searing Ray              Conj           72%        2d7       1%          2
 Dazzling Flash           Conj/Hex       54%        N/A       3%          3
 Fulminant Prism          Conj/Hex       13%        3d9       11%         4
 Iskenderun's Mystic Bla  Conj/Tloc      27%        2d7       11%         4


Dungeon Overview and Level Annotations

Branches:
Dungeon (2/15) Zot: 11547

Altars:
Gozag


Innate Abilities, Weirdness & Mutations

You have very sharp teeth.
Your uncanny sense of smell can sniff out nearby items.
Your experience applies equally to all skills.


Message History

Confirm with . or Enter, or press ? or * to list all spells.
You can't see any susceptible monsters within range! (Use Z to cast anyway.) Unknown command.
Casting: Magic Dart (safe; 1% risk of failure)
Confirm with . or Enter, or press ? or * to list all spells.
You can't see any susceptible monsters within range! (Use Z to cast anyway.)
You now have 80 gold pieces (gained 5).
d - an emerald potion MP restored: 10 A giant cockroach comes into view.
A giant cockroach is nearby!
Unknown command.
Casting: Magic Dart (safe; 1% risk of failure)
Confirm with . or Enter, or press ? or * to list all spells.
Aiming: Magic Dart (safe; 1% risk of failure)
Press: ? - help, Shift-Dir - straight line, f - giant cockroach
Aim: a giant cockroach (asleep, 100% to hit)
The magic dart hits the giant cockroach!
You kill the giant cockroach!
Casting: Magic Dart (safe; 1% risk of failure)
Confirm with . or Enter, or press ? or * to list all spells.
You can't see any susceptible monsters within range! (Use Z to cast anyway.)
You now have 9/10 mp.
Unknown command.
Casting: Magic Dart (safe; 1% risk of failure)
Confirm with . or Enter, or press ? or * to list all spells.
You can't see any susceptible monsters within range! (Use Z to cast anyway.) Unknown command.
Casting: Magic Dart (safe; 1% risk of failure)
Confirm with . or Enter, or press ? or * to list all spells.
You can't see any susceptible monsters within range! (Use Z to cast anyway.) Unknown command.
Casting: Magic Dart (safe; 1% risk of failure)
Confirm with . or Enter, or press ? or * to list all spells.
You can't see any susceptible monsters within range! (Use Z to cast anyway.)
e - a scroll labelled MAORPH METAD MP restored: 10 Unknown command.
Unknown command.
Are you sure you want to abandon this character and quit the game? (Confirm with "yes".)

#......# #.....#
#......## #.###.#
###.##..##### #.# ..#
#.#.......# #.# .#
#.#.##.##.###.##.###
...##...#...#...#.......
#........_...#.###..###
...####.#...#...........
## #@##.##.#.###.####
#.......#.# #.#
##.##..##.# ..#
#.##..$#.# .##
#.####.#.# . .#
#.#.##.#### ##
#..>.......
?.......#######
#########


There were no monsters in sight!

Vanquished Creatures
  A dart slug (D:2)
  An orc (D:1)
  A ball python (D:1)
  A bat (D:1)
  An endoplasm (D:1)
  A giant cockroach (D:1)
  A quokka (D:1)
  A frilled lizard (D:1)
8 creatures vanquished.

Notes
Turn   | Place    | Note
-------+----------+-------------------------------------------
     0 | D:1      | Psyclone the Gnoll Conjurer began the quest for the Orb.
     0 | D:1      | Reached XP level 1. HP: 13/13 MP: 6/6
    51 | D:1      | Found a faded altar of an unknown god.
    78 | D:1      | Prayed at the altar of an unknown god.
    78 | D:1      | Became a worshipper of Gozag Ym Sagoz the Greedy
   154 | D:2      | Noticed an orc priest
   155 | D:2      | Noticed an orc priest
   159 | D:2      | Reached skill level 5 in Dodging
   159 | D:2      | Reached skill level 5 in Spellcasting
   159 | D:2      | Reached XP level 2. HP: 23/23 MP: 5/8
   160 | D:2      | Reached skill level 5 in Stealth
   160 | D:2      | Reached XP level 3. HP: 30/30 MP: 5/10
   453 | D:1      | Quit the game

Illustrated notes

Levels and vault maps discovered:
D:1:      dpeg_arrival_pits, layout_basic, ebering_ecumenical_altar_box
D:2:      layout_basic, minmay_goblin_outpost, uniq_crazy_yiuf_cottage

Skill      XL: |  1  2 |
---------------+-------+-----
Fighting       | 2 3 |  3.8
Short Blades   | 2 3 |  3.8
Long Blades    | 2 3 |  3.8
Axes           | 2 3 |  3.8
Maces & Flails | 2 3 |  3.8
Polearms       | 2 3 |  3.8
Staves         | 2 3 |  3.8
Ranged Weapons | 2 3 |  3.8
Throwing       | 2 3 |  3.8
Armour         | 2 3 |  3.8
Dodging        | 5 6 |  6.0
Shields        | 2 3 |  3.8
Unarmed Combat | 2 3 |  3.8
Spellcasting   | 5 6 |  6.3
Hexes          | 2 3 |  3.1
Summonings     | 2 3 |  3.1
Necromancy     | 2 3 |  3.1
Translocations | 2 3 |  3.1
Transmutations | 2 3 |  3.1
Fire Magic     | 2 3 |  3.1
Ice Magic      | 2 3 |  3.1
Air Magic      | 2 3 |  3.1
Earth Magic    | 2 3 |  3.1
Poison Magic   | 2 3 |  3.1
Invocations    | 2 4 |  4.2
Evocations     | 2 3 |  3.8
Stealth        | 5 |  5.7
Conjurations   | |  7.8

Action                     || total
---------------------------++-------
   Cast: Magic Dart        ||    13
    Use: Potion            ||     2
 Armour: Robe              ||     3
  Dodge: Dodged            ||     1
